 Dungeon Crawl Stone Soup version 0.27.0-1-g7a089689b8 (webtiles) character file.

Game seed: 354722298791455018

10 Fv001 the Sneak (level 2, -1/13 HPs)
             Began as a Spriggan Fire Elementalist on Aug 13, 2021.
             Slain by a worm (7 damage)
             ... on level 1 of the Dungeon.
             The game lasted 00:01:38 (771 turns).

Fv001 the Sneak (Spriggan Fire Elementalist)         Turns: 771, Time: 00:01:39

Health: -1/13      AC:  3    Str:  4    XL:     2   Next: 10%
Magic:  0/6        EV: 17    Int: 16    God:
Gold:   14         SH:  0    Dex: 15    Spells: 5/6 levels left

rFire    . . .     SeeInvis +   a - +0 dagger
rCold    . . .     Faith    .   (shield restricted)
rNeg     . . .     Spirit   .   g - +1 robe
rPois    .         Reflect  .   (helmet restricted)
rElec    .         Harm     .   (no cloak)
rCorr    .         Rampage  .   (gloves unavailable)
Will     .....                  (boots unavailable)
Stlth    ++........             (no amulet)
HPRegen  0.04/turn              (no ring)
MPRegen  0.10/turn              (no ring)

@: very quick
A: very small, no large weapons, unfitting armour, see invisible, speed 3
a: no special abilities


You were on level 1 of the Dungeon.
You visited 1 branch of the dungeon, and saw 2 of its levels.

You collected 14 gold pieces.

Inventory:

Hand Weapons
 a - a +0 dagger (weapon)
Armour
 g - a +1 robe (worn)
Potions
 e - a potion of brilliance {unknown}


   Skills:
 + Level 2.6 Dodging
 + Level 3.1 Stealth
 + Level 2.9 Spellcasting
 + Level 0.6 Conjurations
 + Level 2.8 Fire Magic


You had 5 spell levels left.
You knew the following spells:

 Your Spells              Type           Power      Damage    Failure   Level
a - Foxfire               Conj/Fire      28%        2x1d5     10%         1

Your spell library contained the following spells:

 Spells                   Type           Power      Damage    Failure   Level
 Sublimation of Blood     Necr           1%         N/A       28%         2
 Wereblood                Tmut           2%         N/A       28%         2
 Conjure Flame            Conj/Fire      7%         6-21      28%         3
 Inner Flame              Hex/Fire       6%         N/A       32%         3
 Sticky Flame             Conj/Fire      7%         2d3       67%         4
 Fireball                 Conj/Fire      3%         3d4       95%         5
 Summon Hydra             Summ           1%         N/A       100%        7


Dungeon Overview and Level Annotations

Branches:
Dungeon (2/15)

Altars:


Innate Abilities, Weirdness & Mutations

You are very small and have problems with some larger weapons.
You are too small for most types of armour.
You have supernaturally acute eyesight. (SInv)
You cover ground extremely quickly. (Speed+++)


Message History

You conjure some foxfire!
The foxfire hits the worm.
The worm is moderately wounded.
An endoplasm comes into view.
The foxfire hits the worm.
The worm is moderately wounded.
Casting: Foxfire (safe; 10% risk of failure)
Press: ? - help, Q - select action Dir - look around, f - activate You conjure some foxfire!
The foxfire hits the worm.
The worm is heavily wounded.
Casting: Foxfire (safe; 10% risk of failure)
Press: ? - help, Q - select action Dir - look around, f - activate You conjure some foxfire!
The foxfire hits the worm.
The worm is heavily wounded.
The foxfire hits the worm.
The worm is severely wounded.
There is a stone staircase leading up here.
Casting: Foxfire (safe; 10% risk of failure)
Press: ? - help, Q - select action Dir - look around, f - activate You conjure some foxfire!
The foxfire hits the worm.
The worm is severely wounded.
The foxfire hits the worm.
The worm is almost dead.
You don't have enough magic to cast this spell.
There is a stone staircase leading up here.
You barely miss the worm.
The worm is almost dead.
Your magical contamination has completely faded away.
You hit the worm.
The worm is almost dead.
The worm bites you!
Ouch! That really hurt!
You climb upwards.
There is a stone staircase leading down here.
The worm bites you!
Ouch! That really hurt!
You die...

....# #'### #.#
#.# #.#
#.##############
#.#............###
...............w>#
#.#.#.########.#@#
#......#.......#.#
.###...#.#######.#
.###.#.#.........#
.....#.###########
######.# .#.....#
##.##### ....#


You could see a worm.

Vanquished Creatures
  A ball python (D:1)
  An endoplasm (D:2)
  2 goblins (D:1)
  A bat (D:1)
  A frilled lizard (D:1)
  4 kobolds (D:1)
10 creatures vanquished.

Vanquished Creatures (others)
  21 foxfires
21 creatures vanquished.

Grand Total: 31 creatures vanquished

Notes
Turn   | Place    | Note
-------+----------+-------------------------------------------
     0 | D:1      | Fv001 the Spriggan Fire Elementalist began the quest for
                  | the Orb.
     0 | D:1      | Reached XP level 1. HP: 9/9 MP: 5/5
    21 | D:1      | Found a faded altar of an unknown god.
   367 | D:1      | Reached XP level 2. HP: 13/13 MP: 4/6
   771 | D:1      | Slain by a worm

Illustrated notes

Levels and vault maps discovered:
D:1:      minmay_arrival_open_corners, layout_basic,
          shapermc_ecumenical_altar_starsandcircs
D:2:      layout_loops_ring, serial_shops, shop_statue

Action                   || total
-------------------------++-------
Melee: Dagger            ||     3
 Cast: Foxfire           ||    15
  Use: Scroll            ||     4
 Stab: Sleeping          ||     1
